 Dungeon Crawl Stone Soup version 0.18.1-48-g4cf74bf (webtiles) character file.

104 Alarkh the Shooter (level 4, 0/33 HPs)
             Began as a Mummy Hunter on Aug 13, 2016.
             Slain by Crazy Yiuf
             ... wielding a +4 quarterstaff of chaos
              (4 damage)
             ... on level 2 of the Dungeon.
             The game lasted 00:02:07 (1798 turns).

Alarkh the Shooter (Mummy Hunter)                   Turns: 1798, Time: 00:02:07

Health: 0/33       AC:  4    Str: 15    XL:     4   Next: 52%
Magic:  4/4        EV: 11    Int: 11    God:
Gold:   91         SH:  0    Dex: 12    Spells: 0 memorised, 3 levels left

rFire  x . .     SeeInvis .     a - +1 shortbow
rCold  + . .     Gourm    .     c - +0 leather armour
rNeg   + + +     Faith    .     (shield currently unavailable)
rPois  ∞         Spirit   .     j - +0 helmet
rElec  .         Dismiss  .     (no cloak)
rCorr  .         Reflect  .     (no gloves)
SustAt .         Harm     .     (no boots)
MR     .....                    f - amulet of inaccuracy (curse)
Stlth  +.........               (no ring)
                                (no ring)

@: not resistant to hostile enchantments, very unstealthy
A: no food or potions, fire vulnerability, cold resistance 1, negative energy
resistance 3, torment resistance, unbreathing
a: no special abilities


You were on level 2 of the Dungeon.
You were not hungry.

You visited 1 branch of the dungeon, and saw 2 of its levels.

You collected 91 gold pieces.

Inventory:

Hand Weapons
 a - a +1 shortbow (weapon)
 b - a +0 short sword
Missiles
 d - 4 arrows (quivered)
 k - 34 stones
Armour
 c - a +0 leather armour (worn)
 j - a +0 helmet (worn)
Jewellery
 f - a cursed amulet of inaccuracy (around neck)
Wands
 i - a wand of iceblast (6/15)
Scrolls
 e - a scroll of identify
 g - a scroll of fear
 h - a scroll of enchant weapon
 l - a scroll of magic mapping {unknown}


   Skills:
 - Level 2.0 Fighting
 + Level 5.0 Bows
 - Level 1.5 Dodging
 - Level 0.7 Stealth


You had 3 spell levels left.
You didn't know any spells.

Dungeon Overview and Level Annotations

Branches:
Dungeon (2/15)

Altars:
Ashenzari
Cheibriados
Gozag
Makhleb
Vehumet

Annotations:
D:2 Crazy Yiuf


Innate Abilities, Weirdness & Mutations

You do not eat or drink.
Your flesh is vulnerable to fire.
You are immune to poison.
Your flesh is cold resistant.
You are immune to negative energy.
You are immune to unholy pain and torment.
You can survive without breathing.


Message History

Press: ? - help, Shift-Dir - straight line, f/p - Crazy Yiuf
Aim: Crazy Yiuf, wielding a quarterstaff of chaos and wearing a cloak (moderately wounded)
You shoot an arrow. The arrow hits Crazy Yiuf.
Crazy Yiuf is heavily wounded.
Crazy Yiuf says, "Proton ena hog!"
Firing (i - inventory. (,) - cycle):
d - 6 arrows (quivered)
Press: ? - help, Shift-Dir - straight line, f/p - Crazy Yiuf
Aim: Crazy Yiuf, wielding a quarterstaff of chaos and wearing a cloak (heavily wounded)
You shoot an arrow. The arrow completely misses Crazy Yiuf.
Crazy Yiuf hits you with a quarterstaff of chaos!
You convulse!
Ouch! That really hurt!
* * * LOW HITPOINT WARNING * * *
You are too injured to fight recklessly!
Firing (i - inventory. (,) - cycle):
d - 5 arrows (quivered)
Press: ? - help, Shift-Dir - straight line, f/p - Crazy Yiuf
Aim: Crazy Yiuf, wielding a quarterstaff of chaos and wearing a cloak (heavily wounded)
You shoot an arrow. The arrow misses Crazy Yiuf.
Crazy Yiuf hits you with a quarterstaff of chaos.
You die...

##############
....##.......#
....##.#######
....'>.# ....#..#
....#..# ###
###### .......#
#(..# ##.#..##
##.....#
#...((####......#
#.....#
#g@#.......#
####.##
###.#..#...#
#####.##
#######.##
.......# #.#
#####..# ### #.#
####..#
#.########.#
#.....##
#..........#
##......#
#.##########
.!......######.#


You could see Crazy Yiuf.

Vanquished Creatures
  A hound (D:2)
  4 adders (D:2)
  A worm (D:2)
  A dart slug (D:2)
  A giant gecko (D:2)
  3 ball pythons
  2 goblins
  3 hobgoblins
  5 jackals
  A quokka (D:2)
  5 bats
  A giant newt (D:1)
  3 kobolds
  7 rats
38 creatures vanquished.

Notes
Turn   | Place    | Note
--------------------------------------------------------------
     0 | D:1      | Alarkh the Mummy Hunter began the quest for the Orb.
     0 | D:1      | Reached XP level 1. HP: 16/16 MP: 1/1
   268 | D:1      | Reached XP level 2. HP: 19/22 MP: 2/2
   454 | D:1      | Found a shattered altar of Ashenzari.
   652 | D:2      | Reached skill level 4 in Bows
   717 | D:2      | Found a snail-covered altar of Cheibriados.
   726 | D:2      | Reached XP level 3. HP: 27/27 MP: 3/3
  1069 | D:2      | Found a burning altar of Makhleb.
  1083 | D:2      | Reached XP level 4. HP: 6/33 MP: 4/4
  1266 | D:2      | Found an opulent altar of Gozag.
  1266 | D:2      | Found a radiant altar of Vehumet.
  1690 | D:2      | Reached skill level 5 in Bows
  1791 | D:2      | Noticed Crazy Yiuf
  1798 | D:2      | Slain by Crazy Yiuf

Skill      XL: |  1  2  3  4 |
---------------+-------------+-----
Bows           | 4 5 |  5.0
Fighting       | |  2.0
Dodging        | |  1.5
Stealth        | |  0.7

Action                   |  1- 3 |  4- 6 || total
-------------------------+-------+-------++-------
Melee: Short sword       |     7 |    60 ||    67
 Fire: Shortbow          |    79 |    19 ||    98
  Use: Scroll            |     2 |     1 ||     3
 Stab: Sleeping          |       |     1 ||     1
Armor: Leather armour    |    20 |    27 ||    47
Dodge: Dodged            |    34 |    50 ||    84
